 Dungeon Crawl Stone Soup version 0.30.1-9-gdf580d7c3d (webtiles) character file.

Game seed: 12502068663310083767

16551 Ivernyr the Cleaver (level 12, -9/96 (98) HPs)
             Began as a Formicid Fighter on Oct 7, 2023.
             Was a Follower of Wu Jian.
             Mangled by a jumping spider simulacrum (14 damage)
             ... on level 2 of the Lair of Beasts on Oct 8, 2023.
             The game lasted 00:26:28 (9864 turns).

Ivernyr the Cleaver (Formicid Fighter)              Turns: 9864, Time: 00:26:28

HP:   -9/96 (98)    AC: 17    Str: 26    XL:     12   Next: 71%
MP:   12/12         EV:  9    Int:  8    God:    Wu Jian [*.....]
Gold: 601           SH: 12    Dex: 13    Spells: 11/11 levels left

rFire   . . .        a - +11 hand axe "Qokatteck" {freeze, rCorr SInv}
rCold   . . .        c - +0 kite shield
rNeg    . . .        b - +0 scale mail
rPois   .            (helmet unavailable)
rElec   .            k - +2 cloak {rCorr}
rCorr   +            (no gloves)
SInv    +            n - +0 pair of boots
Will    +....        x - amulet of regeneration Stlth
                     r - ring of resist corrosion
HPRegen 1.16/turn    w - +4 ring of protection
MPRegen 0.13/turn

%: no passive effects
@: lightly drained
A: permanent stasis, dig shafts and tunnels, antennae 3, four strong arms
a: Dig, Shaft Self, Renounce Religion


You were on level 2 of the Lair of Beasts.
You worshipped Wu Jian.
Wu Jian was aware of your devotion.
You visited 3 branches of the dungeon, and saw 12 of its levels.

You collected 601 gold pieces.

Inventory:

Hand Weapons
 a - the +11 hand axe "Qokatteck" (weapon) {freeze, rCorr SInv}
   (You found it on level 2 of the Dungeon)

   SInv:      It lets you see invisible.
   rCorr:     It protects you from acid and corrosion.
Missiles
 i - a throwing net
Armour
 b - a +0 scale mail (worn)
 c - a +0 kite shield (worn)
 k - a +2 cloak of preservation (worn)
 n - a +0 pair of boots (worn)
Jewellery
 r - a ring of resist corrosion (left hand)
 w - a +4 ring of protection (right hand)
 x - an amulet of regeneration (around neck)
Wands
 f - a wand of light (8)
 y - a wand of mindburst (5)
Scrolls
 e - a scroll of amnesia
 g - 2 scrolls of fog
 t - 5 scrolls of fear
 B - a scroll of identify
 C - a scroll of magic mapping {unknown}
Potions
 d - 5 potions of might
 h - 3 potions of resistance
 j - 2 potions of berserk rage {unknown}
 l - 5 potions of flight
 m - 8 potions of heal wounds {unknown}
 o - 3 potions of mutation {unknown}
 p - a potion of curing {unknown}
 q - a potion of invisibility {unknown}
 s - 3 potions of brilliance {unknown}
 u - 3 potions of lignification {unknown}
 v - a potion of ambrosia {unknown}
 z - a potion of degeneration {unknown}
 A - 3 potions of haste {unknown}


   Skills:
 + Level 10.4 Fighting
 * Level 12.7 Axes
 + Level 10.5 Armour
 + Level 12.3 Shields


You had 11 spell levels left.
You didn't know any spells.
Your spell library contained the following spells:

 Spells                   Type           Power      Damage    Failure   Level
 Apportation              Tloc           0%         N/A       80%         1
 Beastly Appendage        Tmut           0%         N/A       80%         1
 Magic Dart               Conj           0%         1d3       80%         1
 Necrotise                Necr           0%         1d4       80%         1
 Call Imp                 Summ           0%         N/A       90%         2
 Cigotuvi's Dreadful Rot  Necr/Pois/Air  0%         N/A       90%         2
 Wereblood                Tmut           0%         N/A       90%         2
 Ignite Poison            Fire/Tmut/Pois 0%         N/A       99%         3
 Mephitic Cloud           Conj/Pois/Air  0%         N/A       99%         3
 Spider Form              Tmut/Pois      0%         N/A       99%         3
 Vampiric Draining        Necr           0%         2d6       99%         3
 Summon Ice Beast         Ice/Summ       0%         N/A       100%        4
 Agony                    Necr           0%         N/A       100%        5
 Alistair's Intoxication  Tmut/Pois      0%         N/A       100%        5
 Freezing Cloud           Conj/Ice/Air   0%         6-21      100%        5
 Summon Mana Viper        Hex/Summ       0%         N/A       100%        5
 Monstrous Menagerie      Summ           0%         N/A       100%        7


Dungeon Overview and Level Annotations

Branches:
Dungeon (9/15)             Temple (1/1) D:6            Lair (2/5) D:9
  Swamp: Lair:2-3    Shoals: Lair:2-3     Snake: Lair:2-3    Spider: Lair:2-3
    Orc: D:9-12

Altars:
Ashenzari
Cheibriados
Dithmenos
Elyvilon
Fedhas
Gozag
Hepliaklqana
Kikubaaqudgha
Makhleb
Nemelex Xobeh
Okawaru
Qazlal
Ru
Sif Muna
Trog
Uskayaw
Vehumet
Wu Jian
Xom
Yredelemnul
Zin
The Shining One


Innate Abilities, Weirdness & Mutations

You cannot be hasted, slowed, berserked, paralysed or teleported.
You can dig through walls and to a lower floor.
You have a pair of large antennae on your head. (SInv)
Your four strong arms can wield two-handed weapons with a shield.


Message History

The pharaoh ant binds the souls of nearby monsters.
The jumping spider leaps!
The blink frog blinks!
Okay, then.
You slash the redback! You freeze the redback.
The redback is heavily wounded.
The redback bites you.
* * * LOW HITPOINT WARNING * * *
You closely miss the redback.
The redback is heavily wounded.
You slash the jumping spider! You freeze the jumping spider.
You kill the jumping spider!
The Council accepts your kill.
A freezing mist starts to gather...
A jumping spider simulacrum comes into view.
The redback bites you!
* * * LOW HITPOINT WARNING * * *
You slash the redback! You freeze the redback.
The redback is almost dead.
You slash the blink frog! You freeze the blink frog.
You block the redback's attack.
The blink frog hits you but does no damage.
Unknown command.
You closely miss the redback.
The redback is almost dead.
You slash the blink frog!
The blink frog seems to slow down.
You freeze the blink frog.
You kill the blink frog!
The Council accepts your kill.
A freezing mist starts to gather...
A blink frog simulacrum comes into view.
The redback bites you.
* * * LOW HITPOINT WARNING * * *
You barely miss the redback.
The redback is almost dead.
You hit the jumping spider simulacrum. You block the redback's attack.
You block the jumping spider simulacrum's attack.
The jumping spider simulacrum bites you.
* * * LOW HITPOINT WARNING * * *
The jumping spider simulacrum freezes you!
You die...

#...# #P..####.
##......... ..
##.......... ...
#........... #...
#........... ....#
##.........?.
.....####...Z........
............@........
......††.†.†s.......
......†.†.#.Z.......
.####.....##........
#...............
#P..##.###.#.#.##
##.. ... ..#...# #..
...# ..#...# ##. ....
... ..


You could see a redback (soul bound), a blink frog simulacrum and a jumping
spider simulacrum.

Vanquished Creatures
  Erica (Lair:1)
  A two-headed ogre (D:8)
  A skyshark (Lair:2)
  A pharaoh ant (Lair:2)
  2 black mambas
  Maurice (D:8)
  4 cane toads
  2 rime drakes
  2 komodo dragons (Lair:1)
  Grinder (D:6)
  3 polar bears
  4 blink frogs (Lair:2)
  Sigmund (D:6)
  A jumping spider (Lair:2)
  18 yaks
  2 wyverns
  2 basilisks
  Eustachio (D:6)
  2 redbacks (Lair:2)
  5 water moccasins
  An orc warrior (D:9)
  9 ice beasts
  2 sky beasts
  4 black bears
  4 wolves
  An ogre (D:5)
  A phantom (D:6)
  11 bullfrogs
  2 scorpions
  16 wights
  10 killer bees (D:9)
  5 howler monkeys
  6 hounds
  4 jellies
  3 orc priests
  A sleepcap (D:5)
  Jessica (D:3)
  6 iguanas
  6 orc wizards
  4 gnolls (D:5)
  11 adders
  2 shadow imps (D:5)
  6 white imps
  An ufetubus (D:7)
  2 worms
  3 dart slugs
  27 orcs
  5 bats
  4 endoplasms
  4 giant cockroaches
  13 goblins
  12 hobgoblins
  A jackal (D:5)
  8 kobolds
  3 quokkas
  6 ball pythons
  4 frilled lizards
  7 rats
271 creatures vanquished.

Notes
Turn   | Place    | Note
-------+----------+-------------------------------------------
     0 | D:1      | Ivernyr the Formicid Fighter began the quest for the Orb.
     0 | D:1      | Reached XP level 1. HP: 18/18 MP: 1/1
    97 | D:1      | Reached XP level 2. HP: 21/24 MP: 2/2
   527 | D:2      | Identified the +11 hand axe "Qokatteck" {freeze, rCorr
                  | SInv}
   662 | D:2      | Reached XP level 3. HP: 29/29 MP: 3/3
   946 | D:2      | Reached XP level 4. HP: 37/37 MP: 4/4
  1432 | D:3      | Noticed Jessica
  1440 | D:3      | Killed Jessica
  1441 | D:3      | Reached XP level 5. HP: 42/42 MP: 5/5
  1519 | D:3      | Found a sparkling altar of Nemelex Xobeh.
  1523 | D:3      | Found an ancient bone altar of Kikubaaqudgha.
  1601 | D:3      | You fall into a shaft and drop 1 floor!
  1690 | D:4      | Noticed a black bear
  1698 | D:4      | Killed a black bear
  1699 | D:4      | Reached skill level 5 in Shields
  1699 | D:4      | Reached XP level 6. HP: 38/48 MP: 6/6
  1789 | D:3      | Found a sacrificial altar of Ru.
  1792 | D:3      | Found a faded altar of an unknown god.
  2085 | D:4      | Found a bloodstained altar of Trog.
  2168 | D:4      | Reached XP level 7. HP: 55/55 MP: 7/7
  3087 | D:5      | Entered Level 5 of the Dungeon
  3204 | D:5      | Reached skill level 5 in Axes
  3204 | D:5      | Reached skill level 5 in Armour
  3216 | D:5      | Reached skill level 5 in Fighting
  3317 | D:5      | Reached XP level 8. HP: 53/62 MP: 8/8
  4174 | D:6      | Found a staircase to the Ecumenical Temple.
  4205 | Temple   | Entered the Ecumenical Temple
  4477 | D:6      | Noticed Sigmund
  4479 | D:6      | Noticed Eustachio
  4494 | D:6      | Killed Sigmund
  4495 | D:6      | Reached XP level 9. HP: 37/69 MP: 9/9
  4501 | D:6      | Killed Eustachio
  4805 | D:6      | Noticed Grinder
  4822 | D:6      | Killed Grinder
  5392 | D:7      | Found a shimmering altar of Xom.
  5957 | D:8      | Reached XP level 10. HP: 47/79 MP: 10/10
  5964 | D:8      | You fall into a shaft and drop 1 floor!
  6248 | D:8      | Noticed Maurice
  6261 | D:8      | Killed Maurice
  6469 | D:8      | Noticed a two-headed ogre
  6474 | D:8      | HP: 3/80 [two-headed ogre/+0 giant spiked club (21)]
  6475 | D:8      | Killed a two-headed ogre
  6715 | D:8      | Found a shadowy altar of Dithmenos.
  6738 | D:8      | Identified the ring "Dyovouv" {Wiz Int+2}
  7148 | D:8      | Found a white marble altar of Elyvilon.
  7395 | D:8      | Reached skill level 10 in Axes
  7648 | D:9      | Found a hazy altar of Hepliaklqana.
  7716 | D:9      | Reached skill level 10 in Shields
  7716 | D:9      | Reached XP level 11. HP: 65/87 MP: 11/11
  8300 | D:9      | Found a staircase to the Lair.
  8393 | D:9      | Found a snail-covered altar of Cheibriados.
  8590 | Temple   | Became a worshipper of the Wu Jian Council
  8660 | Lair:1   | Entered Level 1 of the Lair of Beasts
  8754 | Lair:1   | Noticed Erica
  8805 | Lair:1   | Killed Erica
  9010 | Lair:1   | Found a broken altar of Ashenzari.
  9017 | Lair:1   | Reached XP level 12. HP: 79/96 MP: 12/12
  9165 | Lair:1   | Reached * piety under Wu Jian
  9642 | Lair:2   | Reached skill level 10 in Armour
  9648 | Lair:2   | Reached skill level 10 in Fighting
  9821 | Lair:2   | Noticed a skyshark
  9828 | Lair:2   | Killed a skyshark
  9849 | Lair:2   | Noticed a pharaoh ant
  9858 | Lair:2   | Killed a pharaoh ant
  9864 | Lair:2   | Mangled by a jumping spider simulacrum

Illustrated notes

Levels and vault maps discovered:
D:1:      lemuel_arrival_hallway, layout_rooms, minmay_misc_feat_secret_circle,
          minmay_hedge_maze
D:2:      cheibrodos_greedy_goblins, layout_loops_ring, minmay_diced_spiral
D:3:      layout_basic, nicolae_overflow_ecumenical_swirl,
          grunt_temple_overflow_open, uniq_jessica
D:4:      layout_loops_corners, lemuel_doored_altar
D:5:      layout_gridville, minmay_starry_boxes
D:6:      layout_basic, minmay_temple_entry_statues_pillars,
          minmay_fountain_box, uniq_grinder, uniq_eustachio, uniq_sigmund
D:7:      layout_rooms, mainiacjoe_overflow_alcove_2, kennysheep_cross_room,
          kennysheep_generic_room_9
D:8:      layout_loops_ring, nicolae_dithmenos_shadow_blocks,
          mainiacjoe_overflow_alcove_1, grunt_ministairs_7, uniq_maurice
D:9:      minmay_goldmine, layout_irregular_city, lemuel_crystal_altar,
          mainiacjoe_overflow_chevrons, hellmonk_lair_entry_icy
Temple:   nicolae_temple_bog_church
Lair:1:   layout_loops_ring, basic_altar, st_stairs_11, minivault_23,
          grunt_megastairs_5, uniq_erica
Lair:2:   layout_layer_cave, swamp_mist_pool,
          nicolae_spider_entry_lesser_pyramids, beast_lair_carwin_9

Skill      XL: |  1  2  3  4  5  6  7  8  9 10 11 12 |
---------------+-------------------------------------+-----
Axes           | 3 4 5 7 8 10 11 12 | 12.7
Fighting       | 4 5 6 7 8 9 10 | 10.4
Armour         | 4 5 6 7 8 9 10 | 10.5
Shields        | 5 6 7 8 10 11 12 | 12.3

Action                     |  1- 3 |  4- 6 |  7- 9 | 10-12 || total
---------------------------+-------+-------+-------+-------++-------
  Melee: War axe           |    69 |       |       |       ||    69
         Hand axe          |    22 |    80 |   212 |   371 ||   685
Ability: Dig               |     4 |     1 |       |       ||     5
         Shaft Self        |       |       |       |     1 ||     1
         Lunge             |       |       |       |    14 ||    14
         Whirlwind         |       |       |       |     1 ||     1
    Use: Scroll            |       |       |    10 |     2 ||    12
         Potion            |       |       |     1 |       ||     1
 Armour: Scale mail        |    16 |    31 |    75 |   137 ||   259
  Dodge: Dodged            |    28 |    28 |    66 |    97 ||   219
  Block: Buckler           |     9 |    18 |    43 |       ||    70
         Kite shield       |       |       |    15 |   178 ||   193
